Map: Triton LE

Players

Teecon - Winner!

  • Race: Protoss Protoss
  • League: Diamond
  • Spawn Location: 5:00

Mez

  • Race: Protoss Protoss
  • League: Master
  • Spawn Location: 11:00

VOD

Have the link to the VOD?

Description

Time

  • Played on: Sept. 3, 2019, 12:25 p.m.
  • Length: 13:16
Show
View Real Time Build Order
Export as new Build Order

Teecon Protoss - Winner!

Build Orders: Archon Immortal 

Get SALT Encoding   

  12  0:00  Probe  
  13  0:13  Probe  
  14  0:18  Pylon  
  14  0:25  Probe  
  15  0:37  Gateway, Probe  
  16  0:43  Assimilator  
  16  0:49  Probe  
  17  0:51  Assimilator  
  17  1:01  Probe  
  18  1:07  Gateway  
  18  1:13  Probe  
  19  1:25  Cybernetics Core, Probe  
  20  1:33  Pylon  
  20  1:37  Probe  
  21  1:49  Probe  
  22  1:58  Warp Gate  
  22  2:01  Probe  
  22  2:02  Stalker x2  
  27  2:14  Probe  
  28  2:26  Pylon  
  28  2:29  Robotics Facility  
  28  2:33  Stalker  
  30  2:44  Stalker  
  32  2:58  Pylon  
  32  3:06  Shield Battery  
  32  3:10  Observer  
  33  3:30  Immortal, Nexus  
  33  3:32  Shield Battery  
  37  4:03  Probe  
  37  4:04  Immortal  
  42  4:16  Pylon  
  42  4:25  Sentry x2  
  46  4:36  Warp Prism  
  46  4:41  Forge  
  46  4:42  Probe  
  46  4:45  Probe  
  50  4:53  Sentry x2  
  50  4:56  Probe  
  55  5:03  Pylon, Probe  
  56  5:08  Probe  
  56  5:13  Observer  
  58  5:15  Probe  
  58  5:21  Probe  
  59  5:23  Probe  
  59  5:24  Stalker x2  
  65  5:29  Probe  
  65  5:35  Pylon  
  66  5:48  Immortal  
  70  6:06  Probe x2  
  71  6:14  Probe  
  71  6:15  Assimilator  
  71  6:16  Probe  
  71  6:17  Twilight Council, Assimilator  
  71  6:24  Probe  
  73  6:27  Immortal, Probe  
  79  6:36  Probe  
  79  6:37  Protoss Ground Weapons Level 1  
  79  6:38  Pylon  
  80  6:43  Probe  
  80  6:46  Pylon  
  81  6:53  Probe  
  82  6:54  Phoenix  
  82  6:56  Immortal, Pylon  
  82  7:06  Charge  
  86  7:16  Gateway x2  
  86  7:17  Gateway, Probe  
  86  7:18  Probe  
  86  7:19  Gateway  
  88  7:29  Probe  
  89  7:30  Templar Archives  
  89  7:33  Photon Cannon  
  89  7:34  Immortal  
  93  7:49  Pylon  
  93  7:50  Pylon  
  93  8:03  Pylon  
  93  8:04  Pylon  
  93  8:07  High Templar x2  
  97  8:22  Nexus  
  97  8:23  Pylon  
  97  8:26  Archon  
  97  8:33  Zealot x4  
  105  8:40  Shield Battery  
  105  8:41  Shield Battery  
  105  8:50  Gateway  
  105  8:51  Gateway, High Templar x2  
  109  8:56  Archon  
  109  9:05  Probe  
  109  9:09  High Templar x2  
  114  9:13  Archon  
  114  9:14  Zealot  
  114  9:15  Zealot  
  117  9:30  Zealot x2  
  101  9:38  Zealot  
  101  9:39  Zealot  
  101  9:44  Zealot x3  
  103  9:51  Nexus  
  91  9:52  Pylon  
  81  10:02  Immortal  
  81  10:03  Zealot x4  
  81  10:04  Zealot  
  73  10:15  Zealot x2  
  73  10:16  Zealot  
  77  10:26  Gateway, High Templar x2  
  77  10:27  High Templar x2  
  85  10:28  Gateway  
  85  10:33  Archon x2  
  85  10:34  High Templar  
  87  10:36  Zealot, High Templar  
  87  10:42  Archon  
  91  11:00  Zealot  
  91  11:02  High Templar x2  
  97  11:09  Archon  
  97  11:10  Shield Battery, Zealot  
  99  11:24  Zealot x4  
  99  11:25  Zealot x3  
  103  11:50  Zealot x5  
  103  11:51  Zealot  
  101  11:57  Zealot  
  101  11:58  Zealot x2  
  93  12:04  Zealot  
  83  12:19  High Templar x4  
  83  12:20  Zealot x2  
  91  12:25  High Templar x2  
  91  12:29  Probe  
  92  12:31  Archon  
  92  12:33  Archon  
  92  12:40  High Templar x2  
  100  12:44  Archon  
Show
View Real Time Build Order
Export as new Build Order

Mez Protoss 

Build Orders: Archon Immortal 

Get SALT Encoding   

  12  0:00  Probe  
  13  0:13  Probe  
  14  0:17  Pylon  
  14  0:25  Probe  
  15  0:37  Probe  
  16  0:42  Gateway  
  16  0:45  Probe  
  16  0:46  Assimilator  
  17  0:53  Probe  
  17  0:55  Assimilator  
  17  1:03  Probe  
  18  1:11  Gateway  
  19  1:23  Gateway  
  19  1:25  Gateway  
  19  1:29  Probe  
  20  1:37  Probe  
  20  1:43  Pylon  
  20  1:46  Probe  
  22  2:04  Probe  
  23  2:10  Cybernetics Core  
  23  2:25  Nexus  
  23  2:29  Pylon  
  23  2:38  Stalker  
  23  2:46  Stalker  
  23  2:49  Warp Gate  
  27  2:53  Shield Battery  
  27  3:00  Probe  
  28  3:07  Stalker x2  
  30  3:16  Probe  
  33  3:30  Robotics Facility  
  33  3:32  Probe  
  34  3:41  Pylon  
  34  3:44  Probe, Sentry x2  
  34  3:47  Probe  
  39  3:55  Probe  
  40  3:56  Probe  
  40  4:01  Twilight Council  
  42  4:05  Probe  
  42  4:08  Probe  
  44  4:17  Probe  
  44  4:18  Observer  
  44  4:20  Probe  
  47  4:25  Probe  
  48  4:32  Probe  
  48  4:35  Probe  
  48  4:36  Immortal  
  50  4:44  Stalker  
  50  4:45  Probe, Stalker  
  59  4:55  Probe  
  59  4:56  Templar Archives  
  59  4:57  Probe  
  61  5:00  Assimilator  
  61  5:03  Assimilator  
  61  5:08  Probe  
  62  5:14  Gateway  
  62  5:16  Gateway  
  61  5:27  Pylon  
  61  5:31  Pylon  
  61  5:35  Pylon  
  61  5:46  Immortal, Gateway  
  61  5:49  Gateway  
  65  5:52  Probe x2  
  67  6:01  Charge  
  67  6:03  High Templar  
  63  6:04  Probe  
  63  6:10  High Templar  
  66  6:12  Zealot  
  66  6:13  Zealot  
  66  6:15  Archon  
  70  6:20  Pylon  
  70  6:24  Pylon  
  70  6:37  Immortal, Pylon  
  70  6:39  Pylon  
  68  6:41  Pylon  
  68  6:44  Zealot  
  68  6:45  Zealot x3  
  80  6:53  Pylon  
  80  7:05  High Templar x3  
  86  7:09  Zealot  
  86  7:10  Immortal, Zealot x2  
  86  7:11  Archon  
  92  7:18  Pylon  
  96  7:31  High Templar  
  96  7:32  Zealot  
  96  7:33  Zealot  
  102  7:38  Zealot x3  
  102  7:40  Immortal  
  112  7:53  Pylon  
  112  7:55  Pylon  
  112  8:02  High Templar x2  
  112  8:04  Zealot  
  112  8:05  Zealot x3  
  124  8:10  Archon  
  124  8:19  Warp Prism  
  126  8:29  Archon  
  126  8:35  Zealot x5  
  126  8:36  Zealot  
  138  9:00  Zealot x2  
  142  9:05  Pylon  
  142  9:08  Pylon  
  142  9:09  Pylon  
  142  9:10  Pylon  
  124  9:33  Zealot  
  124  9:34  Zealot x3  
  124  9:35  Zealot x2  
  82  9:54  Zealot x4  
  82  9:55  Zealot x2  
  74  10:17  High Templar  
  74  10:18  High Templar x5  
  84  10:27  Archon x2  
  84  10:28  Archon  
  84  10:32  Gateway  
  84  10:34  Gateway  
  84  10:50  Gateway  
  84  10:51  Gateway, High Templar x5  
  84  10:52  High Templar  
  84  10:56  Archon x3  
  96  11:24  High Templar  
  96  11:25  High Templar  
  100  11:27  Zealot x4  
  100  11:28  Zealot x2  
  100  11:29  Archon  
  90  11:48  Zealot x3  
  90  11:49  Zealot x5  
  57  12:09  Zealot  
  57  12:10  Zealot x6  
  67  12:25  Stalker x2  
  71  12:41  High Templar x2  
  71  12:43  High Templar  
  77  12:45  High Templar  
  77  12:47  Archon  
  77  12:49  Archon  
Tags
 
Add a new tag
Caveats
  • Supply blocks, unpowered buildings, or Contaminate may cause inaccurate times.
  • Supply counts are checked every 10 seconds.